[Event "FRA-ch 58 Championnat"]
[Site "Belfort"]
[Date "1983.08.26"]
[Round "13"]
[White "Seret, Jean Luc"]
[Black "Preissmann, Emmanuel"]
[Result "1-0"]
[ECO "D05"]
[WhiteElo "2375"]
[BlackElo "2360"]
[Annotator "Primel,D"]
[PlyCount "53"]
[EventDate "1983.08.12"]
[EventType "tourn"]
[EventRounds "15"]
[EventCountry "FRA"]
[EventCategory "2"]
[SourceTitle "EXT 2016"]
[Source "ChessBase"]
[SourceDate "2015.10.08"]
[SourceVersion "1"]
[SourceVersionDate "2015.10.08"]
[SourceQuality "1"]
[TimeControl "40/5400+30:1800+30"]

1. Nf3 d5 2. b3 Nf6 3. Bb2 e6 4. e3 Be7 5. d4 O-O 6. Bd3 b6 7. O-O Ba6 (7...
Bb7 {La grande ligne}) (7... c5) 8. Bxa6 Nxa6 9. Ne5 Nb8 10. c4
Nfd7 11. Nd3 c6 12. Nc3 f5 $6 {[%csl Re6] Accentue le retard de développement
et c'est un sérieux affaiblissement} 13. Nf4 $1 Rf6 14. Qf3
$1 $36 Na6 (14... g5 15. cxd5 $1 gxf4 16. dxc6 $40) (14...
dxc4 15. d5) 15. Rac1 (15. cxd5 cxd5 16. Rac1 Rc8 17. Nb5 Rxc1 18. Rxc1 Qa8 19.
Nc7 Nxc7 20. Rxc7 $16) 15... Nc7 16. Rc2 Rh6 17. cxd5 cxd5 18. Nb1 $5 (18. Rfc1
) 18... Bd6 19. Ba3 Nb5 20. Bxd6 Nxd6 21. Rfc1 $16 Nf8 (21... Rc8 22. Rxc8 Nxc8
23. Nxd5 $1 {Exploitant la mauvaise coordination des pièces Noires} exd5 24.
Qxd5+ Kh8 25. Qa8 $18 ) 22. Nd2 Rc8 23. Rxc8 Nxc8 24. Qe2 Nd6 25.
Qa6 (25. Nd3 ) 25... Qb8 (25... Qh4 26. Nf3) (25... g5 26. Nd3 g4
27. Nf4 Qh4 28. Nf1 Qe7 29. Nd3 $16) 26. Nf3 g5 $2 $138 27. Nxg5
1-0

[Event "Syre Memorial op 36th"]
[Site "Issy les Moulineaux"]
[Date "2013.05.12"]
[Round "6"]
[White "Cotonnec, Melkior"]
[Black "Lamorelle, Julien"]
[Result "1-0"]
[ECO "D05"]
[WhiteElo "2415"]
[BlackElo "2304"]
[Annotator "RR"]
[PlyCount "49"]
[EventDate "2013.05.08"]
[EventType "swiss"]
[EventRounds "7"]
[EventCountry "FRA"]
[SourceTitle "EXT 2015"]
[Source "ChessBase"]
[SourceDate "2014.11.20"]
[SourceVersion "1"]
[SourceVersionDate "2014.11.20"]
[SourceQuality "1"]
[TimeControl "40/5400+30:1200+30"]

1. d4 d5 2. Nf3 Nf6 3. e3 c5 4. c3 e6 5. Nbd2 Nc6 6. Bd3 Bd6 7. O-O O-O 8. Re1
{Imprécis} (8. dxc5 $142 {[%cal Ge3e4] Une précaution utile avant de pousser
e4} Bxc5 9. e4) 8... e5 9. e4 dxe4 $6 (9... cxd4 $142 $1 10. exd5 (10. cxd4
dxe4 11. Nxe4 Nxe4 12. Bxe4 Nxd4 $11) 10... Nxd5 11. Nc4 h6 12. Nfxe5 Nxe5 13.
Nxe5 dxc3 14. Qf3 Nb4 15. Bc4 Be6 16. Bxe6 fxe6 17. Qxc3 Rc8 18. Qb3 Bxe5 19.
Qxb4 Bd4 20. Be3 Bxe3 21. Rxe3 Rc2 22. Rf1 Qd5 23. a3 Rf7 24. Qe1 {Berg,K 
(2440)-De Firmian,N (2580) Gausdal 1994 0-1 (43)}) 10. Nxe4 {73} Nxe4 {58} 11.
Rxe4 f5 $146 (11... cxd4 12. cxd4 Bf5 13. Re1 Bxd3 14. Qxd3 exd4 15. Ng5 g6 16.
Qh3 h5 17. Ne4 Re8 18. Bg5 Be7 19. f4 Kg7 20. Rad1 Bxg5 21. fxg5 Qd5 22. Qf3
Re6 23. Kf2 Ne5 24. Qf4 Ng4+ 25. Kg3 Qxa2 26. Rxd4 {Janoszka,A (2317)-Malek,D 
(2292) Germany 2008 1/2-1/2 (48)}) 12. Bc4+ (12. Bg5) 12... Kh8 13. Rh4 (13.
Ng5) 13... Qe8 $2 (13... Be7 $142 $8 14. Rh5
g6 15. Ng5 gxh5 16. Nxh7 $1 Kxh7 (16... Qe8 {Les Noirs ont peut-être oublié
ce coup de défense dans leurs calculs lorsqu'ils ont décidé de ne pas jouer
la coup naturel Be7}) 17. Qxh5+ Kg7 18. Bh6+) 14. Ng5 $36 h6 15. Nf7+ $1 {20}
Rxf7 {19} 16. Bxh6 $1 $40 g6 $2 (16... gxh6 $8 17. Qh5 Qf8
18. Bxf7 Nd8 19. Bd5 Kh7 20. dxe5 Be7 (20... Bxe5 21. Re1) 21. Rh3
{La position Noire reste encore jouable}) 17. Bf8+ (17. Qd3 $142 ) 17... Rh7 18. Rxh7+ Kxh7 19. Bxd6 $18 Na5 20. Bf1 exd4 21. cxd4 cxd4
22. Qxd4 Bd7 23. Bc5 g5 24. Qd2 Kg6 25. Re1 1-0

[Event "Sautron op 15th"]
[Site "Sautron"]
[Date "2015.10.24"]
[Round "7.2"]
[White "Bailet, Pierre"]
[Black "Colin, Vincent"]
[Result "1/2-1/2"]
[ECO "D05"]
[WhiteElo "2515"]
[BlackElo "2399"]
[Annotator "RR"]
[PlyCount "44"]
[EventDate "2015.10.24"]
[EventType "swiss"]
[EventRounds "9"]
[EventCountry "FRA"]
[SourceTitle "CBM 169 Extra"]
[Source "ChessBase"]
[SourceDate "2015.12.18"]
[SourceVersion "1"]
[SourceVersionDate "2015.12.18"]
[SourceQuality "1"]
[TimeControl "40/5400+30:1800+30"]
[WhiteClock "0:38:06"]
[BlackClock "0:31:59"]

1. Nf3 d5 2. d4 c6 3. c4 Nf6 4. e3 e6 5. Bd3 Nbd7 6. O-O Bd6 7. Nbd2 O-O 8.
e4 $1 e5 9. cxd5 cxd5 10. Re1 (10. exd5 exd4 11. Ne4 Nxe4 12.
Bxe4 Nf6 13. Bc2 ) 10... h6 $5 {[%emt 0:13:01] Joué
après une longue réflexion mais la position est toujours théorique} 11. exd5 (11. h3) 11... exd4 12. Nb3 $146 (12. Ne4 Nb6 13. Nxd4 Nbxd5 14. Nxd6 Qxd6 15. Qb3 Ng4 16. Nf3
Be6 17. Qa4 Rfd8 18. Bf1 Qb4 19. Re4 Qxa4 20. Rxa4 Nb6 21. Rd4 Rxd4 22. Nxd4
Bc4 23. Bf4 Rd8 24. Nb5 Bxf1 25. Kxf1 Nd5 26. Bg3 f5 27. h3 Ngf6 28. Be5 Ne4
29. Bd4 Nc7 30. Nxc7 Rxd4 31. Re1 Kf7 32. Nb5 Rb4 33. Nxa7 Rxb2 34. Re2 Rb1+
35. Re1 Rb2 36. Re2 Rb1+ 37. Re1 Rb6 38. g4 Ra6 39. gxf5 Nd2+ 40. Ke2 Rxa2 41.
Nb5 Rb2 {Potkin,V (2605)-Mikaelyan,A (2418) Jerusalem 2015 1/2-1/2}) 12... Nxd5 13. Nbxd4 N7f6 14. Nf5 Bxf5 15. Bxf5 $14 Qb6 $1 16. Qb3 Qxb3 17. axb3 Bb4 18. Bd2 a5 19. Bxb4 axb4 {[%emt 0:01:
04] Une structure étonnante avec 4 P doublés sur la colonne "b"!} 20. Bd3 Rfd8 21. Bc4 Rxa1 22. Rxa1 Nb6 1/2-1/2